 Dungeon Crawl Stone Soup version 0.26-a0-710-g95a0c6c400 (webtiles) character file.

Game seed: 12303513058574893871

21 Glokmah the Chiller (level 2, -1/20 HPs)
             Began as a Demonspawn Ice Elementalist on Oct 30, 2020.
             Slain by a gnoll
             ... wielding a +0 antimagic spear
              (6 damage)
             ... on level 2 of the Dungeon.
             The game lasted 00:03:48 (1257 turns).

Glokmah the Chiller (Demonspawn Ice Elementalist)   Turns: 1257, Time: 00:03:48

Health: -1/20      AC:  2    Str:  8    XL:     2   Next: 62%
Magic:  0/5        EV: 12    Int: 16    God:
Gold:   41         SH:  9    Dex: 13    Spells: 4/5 levels left

rFire    . . .     SeeInvis .   a - +0 dagger
rCold    . . .     Faith    .   (no shield)
rNeg     . . .     Spirit   .   j - +0 robe
rPois    .         Reflect  +   (no helmet)
rElec    .         Harm     .   (no cloak)
rCorr    .         Rampage  .   (no gloves)
MR       .....                  (no boots)
Stlth    ++........             e - amulet of reflection
HPRegen  0.06/turn              (no ring)
MPRegen  0.09/turn              (no ring)

@: flying
A: large bone plates 1
a: no special abilities


You were on level 2 of the Dungeon.
You visited 1 branch of the dungeon, and saw 2 of its levels.

You collected 41 gold pieces.

Inventory:

Hand Weapons
 a - a +0 dagger (weapon)
Armour
 g - a +0 leather armour
 j - a +0 robe (worn)
Jewellery
 e - an amulet of reflection (around neck)
Potions
 b - a potion of lignification {unknown}
 d - a potion of cancellation {unknown}
 i - a potion of degeneration {unknown}


   Skills:
 + Level 0.5 Fighting
 + Level 0.5 Armour
 + Level 1.9 Dodging
 - Level 1.7 Stealth
 + Level 2.2 Spellcasting
 * Level 3.9 Ice Magic


You had 4 spell levels left.
You knew the following spells:

 Your Spells              Type           Power        Failure   Level
a - Freeze                Ice            ##..         4%          1

Your spell library contained the following spells:

 Spells                   Type           Power        Failure   Level
 Frozen Ramparts          Ice            ##....       12%         3
 Ozocubu's Armour         Ice            ##......     12%         3
 Hailstorm                Conj/Ice       #.......     65%         4
 Summon Ice Beast         Ice/Summ       #.......     65%         4


Dungeon Overview and Level Annotations

Branches:
Dungeon (2/15)

Altars:

Annotations:
D:2 Robin, Sigmund


Innate Abilities, Weirdness & Mutations

You are partially covered in large bone plates. (SH +4)


Message History

The gnoll hits you but does no damage. x2
Casting: Freeze (safe; 4% risk of failure)
Confirm with . or Enter, or press ? or * to list all spells.
You don't have enough magic to cast that spell.
Unknown command.
The gnoll hits you from afar with a +0 antimagic spear!
* * * LOW HITPOINT WARNING * * *
As you read the scroll labeled OHUASTROHAR, it crumbles to dust.
You feel blessed for a moment.
It was a scroll of remove curse.
The gnoll misses you. The gnoll barely misses you.
As you read the scroll labeled ZIHIFAGETO, it crumbles to dust.
It is a scroll of amnesia.
Really abort (and waste the scroll)?
Okay, then.
You block the gnoll's attack. x2
It was a potion of flight.
You feel very buoyant.
You fly up into the air.
The gnoll hits you from afar with a +0 antimagic spear.
You die...

...............
#......)..†...
#........<..8.
#..........(..
#.............
###.........#..#
#...........#...
#####.#####.###.#...
#gg@..# #.)...#.####
#g##### #.....#.# #.
#.......# ..
#.....### g..
#...... ....
....#.#. .###.
###...#..# .# ..


You could see 3 gnolls.

Vanquished Creatures
  A bat skeleton (D:2)
  2 goblins
  3 hobgoblins
  3 kobolds (D:1)
  6 bats (D:1)
  A frilled lizard (D:1)
  A giant cockroach zombie (D:2)
  2 rats (D:2)
19 creatures vanquished.

Vanquished Creatures (others)
  A withered plant (D:2)
1 creature vanquished.

Grand Total: 20 creatures vanquished

Notes
Turn   | Place    | Note
-------+----------+-------------------------------------------
     0 | D:1      | Glokmah the Demonspawn Ice Elementalist began the quest for
                  | the Orb.
     0 | D:1      | Reached XP level 1. HP: 13/13 MP: 3/3
   347 | D:1      | Gained mutation: You are partially covered in large bone
                  | plates. (SH +4) [demonic ancestry]
   347 | D:1      | Reached XP level 2. HP: 20/20 MP: 1/5
   870 | D:2      | Noticed Robin
   878 | D:2      | Noticed Sigmund
  1257 | D:2      | Slain by a gnoll

Illustrated notes

Levels and vault maps discovered:
D:1:      ebering_hopf_link, layout_loops_ring, kennysheep_boxes
D:2:      layout_loops_ring, nicolae_overflow_crystal_walls, serial_undead,
          serial_undead_e, serial_undead_d, serial_undead_d, serial_undead_a,
          serial_undead_b, serial_undead_d, uniq_sigmund, uniq_robin

Action                   || total
-------------------------++-------
Melee: Dagger            ||    17
       Club              ||     2
 Cast: Freeze            ||    24
  Use: Scroll            ||     2
       Potion            ||     1
Armor: Robe              ||    13
Dodge: Dodged            ||    33
Block: Other             ||    31

Table legend: (Time is in decaauts)
 A = Elapsed time spent in this place.
 B = Non-inter-level travel time spent in this place.
 C = Inter-level travel time spent in this place.
 D = Time resting spent in this place.
 E = Time spent auto-exploring this place.
 F = Levels seen in this place.
 G = Mean time per level.
                   A        B        C        D        E       F      G
               +--------+--------+--------+--------+--------+-----+--------+
         Total |   1259 |   1181 |     78 |    202 |    657 |   2 |  629.5 |
       Dungeon |   1259 |   1181 |     78 |    202 |    657 |   2 |  629.5 |
               +--------+--------+--------+--------+--------+-----+--------+

Top non-repeatable levels by time:
     D:1: 968 daAuts
     D:2: 290 daAuts
